[Event "44th Chess Olympiad Women 2022"]
[Site "Chennai"]
[Date "2022.08.06"]
[Round "8.38"]
[White "Juarez Garcia, Daniela"]
[Black "Johannsdottir, Johanna Bjorg"]
[Result "0-1"]
[WhiteElo "1725"]
[BlackElo "1976"]
[Annotator "NA RC"]
[PlyCount "96"]
[EventDate "2022.??.??"]
[TimeControl "60"]

1. e4 c5 2. c3 Nf6 3. e5 Nd5 4. d4 cxd4 5. cxd4 Nc6 6. Bc4 e6 7. Nf3 d6 8. O-O dxe5 9. dxe5 Ndb4 10. Na3 Qxd1 11. Rxd1 a6 12. Be3 Be7 13. Bb6 O-O 14. Bb3 Nd5 15. Nc4 a5 16. Nd4 Nxe5 17. Nxe5 Nxb6 18. a4 Bf6 19. Nc4 Nxc4 20. Bxc4 b6 21. b3 Bb7 22. Rac1 Bg5 23. Rc3 Rad8 24. Be2 Bf6 25. Rcd3 Be4 26. Re3 Bg6 27. Nb5 Rxd1+ 28. Bxd1 Rd8 29. Be2 h6 30. Kf1 Rd2 31. Ke1 Rb2 32. g3 Be7 33. Bd1 Bc5 34. Rc3 Bb4 35.
Kf1 Bxc3 36. Nxc3 Bc2 37. Bxc2 Rxc2 38. Nb5 Rd2 39. Ke1 Rd3 40. h3 Rxb3 41. Kd2 Rb2+ 42. Ke3 Rb4 43. Nc3 f5 44. f3 Kf7 45. h4 g5 46. h5 Kf6 47. f4 gxf4+ 48. gxf4 Ke7 0-1

[Event "44th Chess Olympiad Women 2022"]
[Site "Chennai"]
[Date "2022.08.06"]
[Round "8.38"]
[White "Lopez L., Dairyn D."]
[Black "Acevedo Mendez, Lisseth"]
[Result "1/2-1/2"]
[WhiteElo "1574"]
[BlackElo "1784"]
[Annotator "NA RC"]
[PlyCount "92"]
[EventDate "2022.??.??"]
[TimeControl "60"]

1. d4 Nf6 2. Nf3 b6 3. e3 Bb7 4. Be2 g6 5. b3 Bg7 6. Bb2 O-O 7. O-O d6 8. c4 Nbd7 9. Nbd2 Re8 10. Qc2 e5 11. d5 a5 12. h3 Nc5 13.
Nh2 Nfd7 14. Rae1 f5 15. f4 e4 16. Bxg7 Kxg7 17. Rf2 Qh4 18.
Nb1 Nf6 19. Nc3 Nh5 20. Nf1 Ba6 21. a3 Ng3 22. Nxg3 Qxg3 23. Bf1 Nd7 24. Qd2 Qh4 25. Ne2 Qf6 26. Nd4 Nf8 27. Rb1 Bc8 28.
Be2 h6 29. Nb5 Re7 30. Qd4 Nh7 31. Rbf1 Qxd4 32. Nxd4 Nf6 33. Kh2 Bd7 34. Rg1 h5 35. Ra1 Kf7 36. Rff1 Ree8 37. b4 axb4 38. axb4 Rh8 39. Kg1 Ke7 40. Rfc1 Rhb8 41. b5 Rxa1 42. Rxa1 Kd8 43. Ra7 Ng8 44. Kf2 Ne7 45. Kg3 Nc8 46. Ra1 Ke7 1/2-1/2

[Event "44th Chess Olympiad Women 2022"]
[Site "Chennai"]
[Date "2022.08.06"]
[Round "8.38"]
[White "Ptacnikova, Lenka"]
[Black "Mazariegos, Silvia Carolina"]
[Result "1-0"]
[WhiteElo "2066"]
[BlackElo "1851"]
[Annotator "NA RC"]
[PlyCount "81"]
[EventDate "2022.??.??"]
[TimeControl "60"]

1. e4 e5 2. Nf3 Qe7 3. Bc4 h6 4. Nc3 c6 5. a4 a5 6. O-O Nf6 7. Re1 d6 8. d4 Qc7 9. h3 Be7 10. Qe2 Nbd7 11. Ba2 Nf8 12. Qc4 Bd8 13. Be3 Be6 14. Qd3 Bxa2 15. Rxa2 g5 16. Ne2 Nh5 17. g3 Qe7 18. dxe5 dxe5 19. Ra3 Ng6 20. Rb3 Qe6 21. Rxb7 Qxh3 22. Qd6 Qc8 23. Rb3 Be7 24. Qd3 Ngf4 25. Bxf4 gxf4 26. Nxe5 fxg3 27. fxg3 Bc5+ 28. Kh2 Qe6 29. Nc4 Rd8 30. Qc3 Rg8 31. Qe5 Qxe5 32. Nxe5 Bd6 33. Nxc6 Rc8 34. Ncd4 Rg4 35. Nf5 Be5 36. Ned4 Rc4 37. Rd3 Rxa4 38. Nc6 Bc7 39. Red1 f6 40. Rd8+ Bxd8 41. Rxd8+ 1-0

[Event "44th Chess Olympiad Women 2022"]
[Site "Chennai"]
[Date "2022.08.06"]
[Round "8.38"]
[White "Thorsteinsdottir, Hallgerdur"]
[Black "Natareno, Elvia"]
[Result "1-0"]
[WhiteElo "1934"]
[BlackElo "1581"]
[Annotator "NA RC"]
[PlyCount "95"]
[EventDate "2022.??.??"]
[TimeControl "60"]

1. e4 c5 2. Nf3 Nc6 3. c3 g6 4. d4 cxd4 5. cxd4 Bg7 6. Nc3 d6 7. Bc4 Nf6 8. h3 O-O 9. O-O Bd7 10. b3 Rc8 11. Bb2 a6 12. Rc1 Qb6 13.
e5 Ne8 14. Nd5 Qd8 15. Re1 e6 16. Ne3 d5 17. Bd3 Nc7 18. Ng4 h5 19. Ngh2 Bh6 20. g4 hxg4 21. Nxg4 Bg7 22. Qd2 Nb5 23. a4 Nba7 24. Qf4 f6 25. exf6 Bxf6 26. Ba3 Bg5 27. Qxg5 Qxg5 28. Nxg5 Rfd8 29. Bc5 Kg7 30. Nxe6+ Bxe6 31. Rxe6 Re8 32. Rxg6+ Kh8 33. Rh6+ Kg8 34. Nf6+ Kg7 35. Rg6+ Kf7 36. Nxe8 Rxe8 37. Rg3 Re6 38. Bxa7 Nxa7 39. Rc7+ Kf8 40. Bh7 Re7 41. Rxe7 Kxe7 42. Rg7+ Kd6 43. Rxb7 Nc6 44. Rb6 Kc7 45. Rxc6+ Kxc6 46. h4 Kd6 47. h5 Ke7 48. Bg8 1-0

[Event "44th Chess Olympiad Women 2022"]
[Site "Chennai"]
[Date "2022.08.06"]
[Round "8.39"]
[White "Castillo Beitia, Ashley Alexandra"]
[Black "Montiel Caceres, Helen"]
[Result "0-1"]
[WhiteElo "1587"]
[BlackElo "1763"]
[Annotator "NA RC"]
[PlyCount "104"]
[EventDate "2022.??.??"]
[TimeControl "60"]

1. d4 Nf6 2. c4 e6 3. Nf3 d5 4. Nc3 Bb4 5. Qa4+ Nc6 6. Bg5 O-O 7. e3 Be7 8. Be2 Nb8 9. O-O Nbd7 10. Qc2 b6 11. Rac1 c5 12. Rfd1 cxd4 13. Nxd4 Bb7 14. cxd5 Nxd5 15. Bxe7 Qxe7 16. Bf3 Rac8 17. Qd2 N7f6 18. Nxd5 Nxd5 19. Qd3 Qb4 20. Nb3 Qa4 21. Rxc8 Rxc8 22. Rc1 Rxc1+ 23. Nxc1 g6 24. h3 Qa5 25. Qd1 Bc6 26. a3 Qb5 27. Qc2 Bb7 28. Nd3 a5 29. Kf1 e5 30. a4 Qa6 31. Be2 Qa8 32. Nxe5 Nb4 33. Qc7 Bxg2+ 34. Ke1 Qe8 35. Bb5 Qe6 36. Bc4 Bd5 37. Nd7 h5 38. Qd8+ Kg7 39. Bxd5 Nxd5 40. Qf8+ Kh7 41. Qd8 Kh6 42. h4 Kg7 43. Qf8+ Kh7 44. Qd8 Qf5 45. Nf8+ Kg7 46. Nd7 Nb4 47. Qf8+ Kh7 48. Qe7 Nd3+ 49. Kd2 Nxf2 50. Nf6+ Kg7 51. Ne8+ Kg8 52. Nf6+ Qxf6 0-1

[Event "44th Chess Olympiad Women 2022"]
[Site "Chennai"]
[Date "2022.08.06"]
[Round "8.39"]
[White "Mayeregger Gonzalez, Renata"]
[Black "Munoz Henriquez, Alba Esther"]
[Result "0-1"]
[WhiteElo "1479"]
[BlackElo "1588"]
[Annotator "NA RC"]
[PlyCount "102"]
[EventDate "2022.??.??"]
[TimeControl "60"]

1. e4 c6 2. c4 d5 3. cxd5 cxd5 4. exd5 Qxd5 5. Nc3 Qd8 6. Nf3 Nf6 7. d4 e6 8. Bd3 Be7 9. O-O O-O 10. Qe2 Nc6 11. Be3 Nb4 12. Bb1 b6 13.
a3 Ba6 14. Qd2 Bxf1 15. axb4 Bc4 16. Ne5 Bd5 17. Bg5 Bxb4 18. Qd3 g6 19. Nxd5 exd5 20. Qf3 Be7 21. Bd3 Qd6 22. Re1 Nh5 23. Bh6 Ng7 24. Bb5 a6 25. Bc6 Rad8 26. Qe2 Bf6 27. Ba4 b5 28. Bc2 Rfe8 29. f4 Ne6 30. Qf2 Bg7 31. Bxg7 Kxg7 32. f5 Ng5 33. fxg6 fxg6 34. h4 Rf8 35. Qe3 Nf7 36. Ng4 Rde8 37. Ne5 Qf6 38. Qg3 Nxe5 39. dxe5 Qf4 40. Qc3 Qf2+ 41. Kh1 Qxh4+ 42. Kg1 d4 43. Qd2 Qf4 44. Qe2 Re7 45. Bd3 Rfe8 46. Qc2 Rxe5 47. Qc7+ Kh8 48. Re2 Qg5 49. Rf2 Re1+ 50. Bf1 Qe3 51. Qa5 Rxf1+ 0-1

[Event "44th Chess Olympiad Women 2022"]
[Site "Chennai"]
[Date "2022.08.06"]
[Round "8.39"]
[White "Oviedo Acosta, Paula"]
[Black "Rondon Chacon, Yolys Desiree"]
[Result "1/2-1/2"]
[WhiteElo "1855"]
[BlackElo "1688"]
[Annotator "NA RC"]
[PlyCount "77"]
[EventDate "2022.??.??"]
[TimeControl "60"]

1. e4 c6 2. d4 d5 3. exd5 cxd5 4. Bd3 Nc6 5. c3 g6 6. Bf4 Nh6 7. Nd2 Bf5 8. Qb1 Bxd3 9. Qxd3 e6 10. Ngf3 Bg7 11. h4 Qd7 12. h5 Nf5 13. Nb3 b6 14. hxg6 hxg6 15. Rxh8+ Bxh8 16. a4 Bf6 17. a5 Qb7 18. Qb5 O-O-O 19. g4 Nd6 20. Bxd6 Rxd6 21. g5 Bd8 22. axb6 Qxb6 23. Qxb6 axb6 24. Ke2 Rd7 25. Kd3 Bc7 26. Rh1 Kb7 27. Nc1 Re7 28. Ne2 Na5 29. Nd2 e5 30. dxe5 Bxe5 31. f4 Bd6 32. Rf1 Nc4 33. Nxc4 dxc4+ 34. Kd2 Bc5 35. Rf3 Rd7+ 36. Kc2 Re7 37. Ng3 Re3 38. Rxe3 Bxe3 39. Ne2 1/2-1/2

[Event "44th Chess Olympiad Women 2022"]
[Site "Chennai"]
[Date "2022.08.06"]
[Round "8.39"]
[White "Vasquez Jaen, Lourdes Lorena"]
[Black "Vargas, Gabriela"]
[Result "1/2-1/2"]
[WhiteElo "1653"]
[BlackElo "2140"]
[Annotator "NA RC"]
[PlyCount "153"]
[EventDate "2022.??.??"]
[TimeControl "60"]

1. d4 d5 2. Bf4 c5 3. e3 Nc6 4. Nf3 Nf6 5. c3 Qb6 6. Na3 c4 7. Qc1 Qa5 8. b4 Qb6 9. Ne5 Bf5 10. Be2 h6 11. h3 g5 12. Bh2 e6 13. g4 Bh7 14. O-O Be7 15.
Bd1 Nxe5 16. Bxe5 Bd3 17. Re1 Rg8 18. Bxf6 Bxf6 19. Ba4+ Kf8 20. Bc2 Bxc2 21. Nxc2 h5 22. Kg2 hxg4 23. hxg4 Rh8 24. Rh1 Rxh1 25. Qxh1 Kg7 26. Qh3 Rh8 27. Qf3 Qc6 28. a3 Qa4 29. Qe2 Qb3 30. Qd2 Rh4 31. f3 Qb2 32. Rh1 Rxh1 33. Kxh1 Bd8 34. Kg2 Bc7 35. Kf2 f6 36. Ke2 Bg3 37. a4 b6 38. Ne1 Qa1 39. Qd1 Qxc3 40.
Nc2 Bd6 41. Qd2 Qb3 42. a5 b5 43. a6 c3 44. Qd3 Bxb4 45. e4 dxe4 46. Qxe4 Be7 47. Ke3 Bd6 48. Qb7+ Kh6 49. Qc8 Bf4+ 50. Kd3 e5 51. Qh8+ Kg6 52. Qe8+ Kg7 53. Qd7+ Kh6 54. Qc8 Qf7 55. Kxc3 exd4+ 56. Kxd4 Be5+ 57. Ke4 Qh7+ 58. Ke3 Bc7 59. Kd2 Bf4+ 60. Ke2 Qe7+ 61. Kd3 Kg7 62. Qb7 Kf7 63. Nd4 Qxb7 64. axb7 a5 65. Nc6 a4 66. b8=Q Bxb8 67. Nxb8 a3 68. Kc3 f5 69. Nc6 Kf6 70. Nd4 fxg4 71. fxg4 Ke5 72. Nxb5 a2 73. Kb2 Kf4 74. Nd6 Kxg4 75. Nf7 Kf3 76. Nxg5+ Kg4 77. Kxa2 1/2-1/2

[Event "44th Chess Olympiad Women 2022"]
[Site "Chennai"]
[Date "2022.08.06"]
[Round "8.40"]
[White "Gamage, Desandhi Dhihansa"]
[Black "Ogbiyoyo, Perpetual Eloho"]
[Result "1-0"]
[WhiteElo "1561"]
[BlackElo "1886"]
[Annotator "NA RC"]
[PlyCount "77"]
[EventDate "2022.??.??"]
[TimeControl "60"]

1. e4 e5 2. Nf3 Nc6 3. Bc4 Bc5 4. c3 Nf6 5. d3 d6 6. h3 h6 7. Bb3 O-O 8. g4 Nh7 9. Rg1 Be6 10. Bc2 d5 11. Qe2 dxe4 12. dxe4 Qe7 13. Nbd2 a6 14. Nf1 b5 15. Ng3 Rad8 16. Nf5 Bxf5 17. gxf5 Kh8 18. Qf1 Bb6 19. Qg2 Rg8 20. a3 a5 21. Bb3 b4 22. Bd5 Nb8 23. Bxf7 Nf6 24. Bxg8 Rxg8 25. Nh4 Qd6 26. Qf3 Nbd7 27. Be3 bxc3 28. bxc3 Qc6 29. Bxb6 cxb6 30. Ng6+ Kh7 31. Ne7 Qc4 32. Nxg8 Kxg8 33. Rd1 Nc5 34. Qg3 Qxe4+ 35. Kf1 g5 36. fxg6 Qc4+ 37. Kg2 Ncd7 38. Kh2 Nh5 39. Qg4 1-0

[Event "44th Chess Olympiad Women 2022"]
[Site "Chennai"]
[Date "2022.08.06"]
[Round "8.40"]
[White "Ofowino, Toritsemuwa"]
[Black "Ranasinghe, S D.."]
[Result "0-1"]
[WhiteElo "1870"]
[BlackElo "1687"]
[Annotator "NA RC"]
[PlyCount "102"]
[EventDate "2022.??.??"]
[TimeControl "60"]

1. d4 d5 2. Nf3 e6 3. Bf4 Bd6 4. e3 Ne7 5. Bg3 Nf5 6. Bd3 Nxg3 7. hxg3 h6 8.
Nbd2 c5 9. c3 Nc6 10. O-O cxd4 11. exd4 O-O 12. Re1 Qf6 13. Qe2 Qe7 14. Ne5 Nxe5 15. dxe5 Bc7 16. Nf3 Bd7 17. g4 Bc6 18. g3 Bb6 19. Bc2 a6 20. a4 Rfd8 21. Red1 Ba7 22. Nd4 Bxd4 23. Rxd4 b5 24. Qd3 g6 25. Qd2 Kg7 26. Kg2 bxa4 27. Bxa4 Bxa4 28. Rdxa4 Qb7 29. f3 g5 30. R1a2 Rdc8 31. Qd4 Qb5 32. Qd1 Rc4 33. Ra5 Qb6 34. Qa1 Qe3 35. Qd1 Qxe5 36. Rxa6 Rxa6 37. Rxa6 d4 38. Qd3 Qb5 39. Rb6 Qxb6 40. Qxc4 Qxb2+ 41. Kf1 Qc1+ 42. Ke2 Qe3+ 43. Kd1 Qxf3+ 44. Kc2 Qxc3+ 45. Qxc3 dxc3 46. Kxc3 Kf6 47. Kd4 Ke7 48. Kc5 f6 49. Kc6 f5 50. gxf5 exf5 51. Kd5 Kf6 0-1

[Event "44th Chess Olympiad Women 2022"]
[Site "Chennai"]
[Date "2022.08.06"]
[Round "8.40"]
[White "Onoja, Iyefu Joy"]
[Black "Abeysinghe, H M H Janandani"]
[Result "1/2-1/2"]
[WhiteElo "1869"]
[BlackElo "1516"]
[Annotator "NA RC"]
[PlyCount "234"]
[EventDate "2022.??.??"]
[TimeControl "60"]

1. d4 Nf6 2. Nc3 g6 3. e4 d6 4. Be3 Bg7 5. f3 Nbd7 6. Be2 a6 7. Qd2 h5 8. h4 b5 9. a3 Bb7 10. Nh3 c5 11. d5 Qa5 12. Kf2 Rc8 13. Ng5 Ne5 14. b3 Nh7 15. Nb1 Qc7 16. Ra2 Nf6 17. g3 Bh6 18. Kg2 Bg7 19. c3 c4 20. b4 O-O 21. a4 Qd7 22. Bd4 Nh7 23. Na3 Nxg5 24. hxg5 e6 25. dxe6 fxe6 26. Bc5 dxc5 27. Qxd7 Nxd7 28. axb5 cxb4 29. Nxc4 Bxc3 30.
Nd6 Rc7 31. Bc4 Nc5 32. bxa6 Bc6 33. Ra5 Rd7 34. Rd1 Rfd8 35. e5 Bxe5 36. Rxc5 Bd5 37. Bxd5 exd5 38. Nb7 Ra8 39. Rdxd5 Rxd5 40. Rxd5 Bc3 41. Rd6 b3 42. Rxg6+ Kf7 43. Rb6 b2 44. Nd6+ Kg7 45. Nc4 Rxa6 46. Rb7+ Kg6 47. Kh3 Ra1 48. Nxb2 Rb1 49. Rb6+ Kxg5 50. Nc4 Rxb6 51. Nxb6 Bd2 52. Nc4 Be1 53. Nd6 Kg6 54. Nc4 Kg5 55. Ne3 Bd2 56. Ng2 Kg6 57. Kh2 Ba5 58. Kg1 Bb6+ 59. Kf1 Kg5 60. Nh4 Bc5 61. Kg2 Bb6 62. Kh3 Be3 63. Ng2 Bd2 64. f4+ Kf5 65. Nh4+ Ke4 66. Ng6 Kf5 67. Nh4+ Ke4 68. Ng6 Kf5 69. Ne7+ Ke6 70. Nc6 Kf5 71. Nd4+ Ke4 72. Ne6 Kf5 73. Ng7+ Kg6 74. Ne8 Kf5 75. Nd6+ Ke6 76. Ne4 Be3 77. Kh4 Kf5 78. Nd6+ Kg6 79. Nc4 Bc1 80. Ne5+ Kh6 81. Kh3 Bd2 82. Nf3 Bc1 83. Kg2 Kg6 84. Nh4+ Kf6 85. Kf3 Bd2 86. Ng2 Ba5 87. Ne3 Be1 88. Nc2 Bc3 89. Ke4 Ba5 90. Ne3 Be1 91. Nd5+ Kf7 92. Kf3 Ke6 93. Ne3 Kf6 94. Ng2 Ba5 95. Ke4 Bb6 96. Ne3 Ba5 97. Nd5+ Kf7 98. f5 Be1 99. Kf4 Bd2+ 100. Kf3 Be1 101. Kg2 Bd2 102. Kf3 Be1 103. Nf4 Kf6 104. Nxh5+ Kxf5 105. g4+ Kg5 106. Nf4 Bd2 107. Ne6+ Kf6 108. Nc5 Bh6 109. Ne4+ Kg6 110. Kg3 Bc1 111. Kh4 Bf4 112. Nc5 Bg5+ 113. Kg3 Bc1 114. Nd3 Bh6 115. Ne5+ Kf6 116. Nf3 Kg6 117. Kh4 Bf4 1/2-1/2

[Event "44th Chess Olympiad Women 2022"]
[Site "Chennai"]
[Date "2022.08.06"]
[Round "8.40"]
[White "Wijesuriya, G P Y.."]
[Black "Enomah Emmanuella Trust"]
[Result "0-1"]
[WhiteElo "1579"]
[BlackElo "1901"]
[Annotator "NA RC"]
[PlyCount "62"]
[EventDate "2022.??.??"]
[TimeControl "60"]

1. e4 c5 2. Nc3 e6 3. f4 a6 4. Nf3 d6 5. g3 b5 6. Bg2 Bb7 7. d3 Nd7 8. O-O Qc7 9. Qe1 b4 10. Na4 Bc6 11. b3 Ngf6 12. Nb2 Be7 13. e5 Nd5 14. Nc4 dxe5 15.
fxe5 O-O 16. Bb2 a5 17. Nfd2 a4 18. Ne4 a3 19. Bc1 Nxe5 20.
Ng5 Bf6 21. Qe4 Ng6 22. Nxe6 fxe6 23. Qxe6+ Kh8 24. Nd6 Bd4+ 25. Be3 Nxe3 26. Rxf8+ Rxf8 27. Bxc6 Nxc2+ 28. Kg2 Qxc6+ 29. Kh3 Qf3 30. Qd7 Nf4+ 31. Kh4 Qh5# 0-1

[Event "44th Chess Olympiad Women 2022"]
[Site "Chennai"]
[Date "2022.08.06"]
[Round "8.41"]
[White "Caxita, Esperanca"]
[Black "Charinda, Kudzanayi"]
[Result "1-0"]
[WhiteElo "1955"]
[BlackElo "1719"]
[Annotator "NA RC"]
[PlyCount "103"]
[EventDate "2022.??.??"]
[TimeControl "60"]

1. e4 c5 2. Nc3 d6 3. Nf3 Nc6 4. g3 Nf6 5. Bg2 e6 6. d3 Be7 7. O-O O-O 8. Re1 a6 9. a4 Nd7 10. d4 cxd4 11. Nxd4 Nxd4 12. Qxd4 Ne5 13. b3 Bf6 14. Qd2 Qb6 15.
a5 Qc7 16. Bb2 Bd7 17. Red1 Be7 18. Na4 Bxa4 19. Rxa4 Nc6 20. Rc4 Qxa5 21. Qxa5 Nxa5 22. Rc7 Rfe8 23. Bc3 b6 24. Bb4 e5 25. Bh3 Rab8 26. Bxd6 Rbd8 27. Bd7 Kf8 28. Bxe8 Bxd6 29. Rd7 Rxd7 30. Bxd7 Ke7 31. Bc8 Nc6 32. Bxa6 Nd4 33. Bd3 Bb4 34. Ra1 b5 35. Ra7+ Kf6 36. Rb7 Be7 37. h4 Ba3 38. Bxb5 Nxc2 39. Bc4 Nd4 40. Rxf7+ Kg6 41. Kg2 Nc2 42. Rf5 Kh6 43. Rxe5 Ne1+ 44. Kf1 Nf3 45. Rd5 Bb4 46. e5 Nd2+ 47. Ke2 Ne4 48. Rd3 Kg6 49. Rf3 Nd2 50. Bd3+ Kh6 51. Rf4 Bc3 52. e6 1-0

[Event "44th Chess Olympiad Women 2022"]
[Site "Chennai"]
[Date "2022.08.06"]
[Round "8.41"]
[White "Makwena, Christine"]
[Black "Junior, Ednasia"]
[Result "1/2-1/2"]
[WhiteElo "1609"]
[BlackElo "1849"]
[Annotator "NA RC"]
[PlyCount "61"]
[EventDate "2022.??.??"]
[TimeControl "60"]

1. d4 Nf6 2. c4 e5 3. d5 Bc5 4. Nc3 d6 5. e4 h6 6. h3 Nbd7 7. Bd3 Bb4 8. Nge2 O-O 9. a3 Bc5 10. b4 Bb6 11. Na4 a5 12. Nxb6 cxb6 13. Be3 Kh7 14. Ng3 g6 15. O-O Qc7 16. Qc2 g5 17. Qe2 Rg8 18. Qf3 Rg6 19. Qe2 Ne8 20. Nf5 Ndf6 21. g4 Bxf5 22. exf5 Rg8 23. f3 Ng7 24. Qf2 b5 25. cxb5 axb4 26. axb4 Rxa1 27. Rxa1 Qc3 28. Rd1 Qxb4 29. Qc2 Ra8 30. Qc7 Qb3 31. Qc2 1/2-1/2

[Event "44th Chess Olympiad Women 2022"]
[Site "Chennai"]
[Date "2022.08.06"]
[Round "8.41"]
[White "Pires, Luzia"]
[Black "Mudodo, Refiloe Hazel"]
[Result "1/2-1/2"]
[WhiteElo "1842"]
[BlackElo "1604"]
[Annotator "NA RC"]
[PlyCount "65"]
[EventDate "2022.??.??"]
[TimeControl "60"]

1. d4 d5 2. Nf3 Nf6 3. e3 Bf5 4. Bd3 Bxd3 5. Qxd3 c6 6. Nbd2 e6 7. O-O Nbd7 8. e4 dxe4 9. Nxe4 Nxe4 10. Qxe4 Nf6 11. Qe2 Be7 12. h3 O-O 13. Bf4 h6 14. c3 Bd6 15. Be5 Bxe5 16. Nxe5 Qb6 17. Rfd1 Rad8 18. Qc2 c5 19. dxc5 Qxc5 20. Nd3 Qf5 21. Nb4 Qxc2 22. Nxc2 Ne4 23. Ne3 Rfe8 24. Kf1 Kf8 25. Ke2 Ke7 26. Rxd8 Rxd8 27. Rd1 Rxd1 28. Nxd1 Kd6 29. Kd3 Nf6 30. c4 Nh5 31. Kd4 Nf4 32. c5+ Kc6 33. Ne3 1/2-1/2

[Event "44th Chess Olympiad Women 2022"]
[Site "Chennai"]
[Date "2022.08.06"]
[Round "8.41"]
[White "Zengeni, Tatenda Melisa"]
[Black "Paulo, Jemima"]
[Result "0-1"]
[WhiteElo "1553"]
[BlackElo "1850"]
[Annotator "NA RC"]
[PlyCount "80"]
[EventDate "2022.??.??"]
[TimeControl "60"]

1. Nf3 Nf6 2. b3 g6 3. Bb2 Bg7 4. d4 O-O 5. e3 d6 6. Be2 Nbd7 7. c4 c6 8. Qc2 Qc7 9. Nbd2 e5 10. O-O h6 11. Rac1 Re8 12. Bd3 Nh7 13.
e4 Nhf8 14. d5 Nc5 15. Rfe1 f5 16. b4 Nxd3 17. Qxd3 a5 18. a3 c5 19. b5 b6 20. a4 Ra7 21. Bc3 Qf7 22. Qe2 f4 23. Qd3 g5 24. Nf1 Bf6 25.
Kh1 h5 26. Ng1 g4 27. Bd2 h4 28. g3 f3 29. Nxf3 gxf3 30. Qxf3 Bd8 31. Qxf7+ Rxf7 32. f4 hxg3 33. hxg3 Bg4 34. Nh2 Bh3 35. Rg1 Rg7 36. f5 Nd7 37. Rce1 Nf6 38. Bh6 Rh7 39. Bg5 Ng4 40. Be3 Nxh2 0-1

[Event "44th Chess Olympiad Women 2022"]
[Site "Chennai"]
[Date "2022.08.06"]
[Round "8.42"]
[White "Abrorova, Sabrina"]
[Black "Cho, Hung-Ling"]
[Result "1-0"]
[WhiteElo "1799"]
[BlackElo "1576"]
[Annotator "NA RC"]
[PlyCount "71"]
[EventDate "2022.??.??"]
[TimeControl "60"]

1. d4 Nf6 2. Nf3 e6 3. c4 d5 4. Bg5 dxc4 5. a4 c5 6. e3 Qa5+ 7. Qd2 Nc6 8. Nc3 cxd4 9. exd4 Bb4 10. Bxf6 gxf6 11. Bxc4 Rg8 12. O-O Qh5 13. Be2 Qg4 14. g3 Bd7 15. Rfd1 O-O-O 16. Ne5 Qg7 17. Nxd7 Rxd7 18. Qe3 Rgd8 19. d5 exd5 20. Qf4 Bd6 21. Qg4 Qf8 22. Rxd5 Kb8 23. Rad1 Qe7 24. Bb5 Rc7 25. Ne4 Ne5 26. Qf5 Rg8 27. Rxd6 Rcc8 28. Qxf6 Ng6 29. Qxe7 Nxe7 30. Rd7 Ng6 31. Rxf7 a6 32. Rdd7 Rc1+ 33. Bf1 Ne5 34. Rxb7+ Kc8 35. Nd6+ Kd8 36. Rb8+ 1-0

[Event "44th Chess Olympiad Women 2022"]
[Site "Chennai"]
[Date "2022.08.06"]
[Round "8.42"]
[White "Hotami, Mutriba"]
[Black "Shih, Ching-An"]
[Result "1-0"]
[WhiteElo "1846"]
[BlackElo "1582"]
[Annotator "NA RC"]
[PlyCount "159"]
[EventDate "2022.??.??"]
[TimeControl "60"]

1. e4 e5 2. Nf3 Nc6 3. Bb5 a6 4. Ba4 Nf6 5. O-O b5 6. Bb3 Be7 7. Re1 O-O 8. c3 d6 9. d4 Bg4 10. Be3 exd4 11. cxd4 Na5 12. Bc2 Nc4 13. Bc1 c5 14. b3 Nb6 15. Bb2 Bh5 16. Nbd2 Rc8 17. Rc1 Re8 18. Bb1 Bf8 19. d5 Nbd7 20. Nf1 Bg6 21. Ng3 Nh5 22. Nxh5 Bxh5 23. Qd3 Bg6 24. Nd2 Be7 25. f4 Bf6 26. Bxf6 Qxf6 27. Qf3 h6 28. f5 Bh7 29. Qf2 Ne5 30. Nf3 Nd7 31. g4 Ne5 32. Nxe5 Rxe5 33. h4 Rce8 34. Qg3 g5 35. hxg5 Qxg5 36. Kg2 Qd2+ 37. Qf2 Qg5 38. Qg3 Qd2+ 39. Kf3 Kg7 40. Qf4 Qxf4+ 41. Kxf4 f6 42. Rh1 Bg8 43. Bd3 Bf7 44. Rc2 Rh8 45. a4 Be8 46. axb5 Bxb5 47. Bxb5 axb5 48. Ra2 Rhe8 49. Ra7+ R8e7 50. Rxe7+ Rxe7 51.
Ra1 Kf7 52. Ra6 Rd7 53. Ke3 b4 54. Kd3 Ke7 55. Kc4 Rb7 56.
Ra8 Kf7 57. Rd8 Rb6 58. Rd7+ Kg8 59. Rc7 Ra6 60. Rc6 Ra1 61. Rxd6 Rc1+ 62. Kb5 c4 63. Kxb4 c3 64. Rxf6 c2 65. Rc6 Re1 66. Rxc2 Rxe4+ 67. Rc4 Re8 68. d6 Rb8+ 69. Kc5 Kf7 70. d7 Ke7 71. Kc6 Rxb3 72. Re4+ Kf7 73. d8=Q Rc3+ 74. Kb5 Rb3+ 75. Kc4 Rh3 76. Re7+ Kf6 77. Re6+ Kf7 78. Qf6+ Kg8 79. Re8+ Kh7 80. Qf7# 1-0

[Event "44th Chess Olympiad Women 2022"]
[Site "Chennai"]
[Date "2022.08.06"]
[Round "8.42"]
[White "Tsai, Sophie Yi-Hsuan"]
[Black "Antonova, Nadezhda"]
[Result "0-1"]
[WhiteElo "1131"]
[BlackElo "1832"]
[Annotator "NA RC"]
[PlyCount "92"]
[EventDate "2022.??.??"]
[TimeControl "60"]

1. e4 c6 2. d4 d5 3. exd5 cxd5 4. Bd3 Nc6 5. c3 Nf6 6. Bf4 Bg4 7. Qb3 Qd7 8. Nd2 e6 9. Ngf3 Bxf3 10. Nxf3 Bd6 11. Bxd6 Qxd6 12. O-O O-O 13. Rfe1 Nd7 14. Rad1 g6 15. Qc2 Qf4 16. Qd2 Qxd2 17. Rxd2 Rab8 18. Bb5 Rfc8 19. Bxc6 Rxc6 20. Ne5 Nxe5 21. dxe5 b5 22. a3 Rc4 23. f3 a5 24. Kf2 b4 25. axb4 axb4 26. cxb4 Rcxb4 27. Ree2 h5 28. g3 g5 29. Ke3 Rb3+ 30. Kf2 R8b4 31. Kg2 Kg7 32. Rf2 Kg6 33. Rc2 Kf5 34. Rfe2 Rd3 35. Rc7 Kg6 36. Rf2 Rdb3 37. Rcc2 d4 38. Rcd2 d3 39. f4 g4 40. h3 Kf5 41. hxg4+ hxg4 42. Kf1 Rc4 43. Rh2 Ke4 44. Rhf2 Rc1+ 45. Kg2 Ke3 46. Kh2 Re1 0-1

[Event "44th Chess Olympiad Women 2022"]
[Site "Chennai"]
[Date "2022.08.06"]
[Round "8.43"]
[White "Berezovska, Svetlana"]
[Black "Mutisya, Jully"]
[Result "1-0"]
[WhiteElo "1781"]
[BlackElo "1428"]
[Annotator "NA RC"]
[PlyCount "101"]
[EventDate "2022.??.??"]
[TimeControl "60"]

1. e4 d6 2. d4 Nf6 3. Nc3 g6 4. Be3 Bg7 5. h3 O-O 6. Nf3 c6 7. a4 Nbd7 8. Be2 e5 9. dxe5 dxe5 10. Nd2 Qe7 11. Nc4 Rd8 12. Qd6 Qxd6 13. Nxd6 Nf8 14. Nxc8 Raxc8 15. Bxa7 Ne6 16. Be3 Nd4 17. Bd3 c5 18. O-O-O c4 19. Bf1 Bf8 20. Bg5 Be7 21. h4 Kf8 22. Bxf6 Bxf6 23. Nd5 Bg7 24. Nb6 Nb3+ 25. cxb3 cxb3+ 26. Bc4 Rxc4+ 27. Nxc4 Rc8 28. Kb1 Rxc4 29. Rd3 Rb4 30. a5 Ke7 31. Rhh3 b6 32. Rxb3 bxa5 33. Rxb4 axb4 34. Rb3 Bf8 35. Rxb4 Ke6 36. Rb6+ Kd7 37. Rb7+ Ke6 38. b4 f5 39. exf5+ gxf5 40. Kc2 f4 41. Kd3 Kd5 42. f3 h6 43. b5 Bc5 44. Rd7+ Ke6 45. Rh7 Kf5 46. Rxh6 e4+ 47. fxe4+ Kg4 48. h5 Kg3 49. Rg6+ Kh2 50. h6 Bf2 51. h7 1-0

[Event "44th Chess Olympiad Women 2022"]
[Site "Chennai"]
[Date "2022.08.06"]
[Round "8.43"]
[White "Berezovsky, Fiorina"]
[Black "Ndirangu, Joyce Nyaruai"]
[Result "0-1"]
[WhiteElo "1544"]
[BlackElo "1679"]
[Annotator "NA RC"]
[PlyCount "88"]
[EventDate "2022.??.??"]
[TimeControl "60"]

1. d4 c5 2. c3 b6 3. dxc5 bxc5 4. Qd5 Nc6 5. Qxc5 Nf6 6. e3 e6 7. Qc4 Bb7 8. Nf3 Be7 9. Be2 a5 10. Qa4 O-O 11. O-O Qc7 12. c4 Rfc8 13.
Nc3 Ne5 14. Nxe5 Qxe5 15. Qc2 d5 16. f4 Qc7 17. cxd5 Nxd5 18. Bd2 Bc5 19. Nxd5 Bxd5 20. Qc3 Qb7 21. Bf3 Rab8 22. Bxd5 Qxd5 23. Rfd1 Ba7 24. Qa3 Rc2 25. Qxa5 Bxe3+ 26. Kh1 Rxd2 27. Qxd5 exd5 28. Rxd2 Bxd2 29. a4 Rxb2 30. g3 Bc3 31. Rc1 d4 32. a5 Ra2 33. Rb1 g6 34. Kg1 Bxa5 35. Rd1 Kg7 36. Kf1 Bc3 37. h4 h5 38.
Kg1 Kf6 39. Rc1 d3 40. Rxc3 d2 41. Rc6+ Kf5 42. Rc5+ Kg4 43. Rd5 Kf3 44. Rd3+ Ke2 0-1

[Event "44th Chess Olympiad Women 2022"]
[Site "Chennai"]
[Date "2022.08.06"]
[Round "8.43"]
[White "Madelta Glenda"]
[Black "Lebel-Arias, Julia"]
[Result "1-0"]
[WhiteElo "1516"]
[BlackElo "1660"]
[Annotator "NA RC"]
[PlyCount "89"]
[EventDate "2022.??.??"]
[TimeControl "60"]

1. d4 g6 2. Bf4 d6 3. Nc3 Bg7 4. Qd2 c6 5. Nf3 Nd7 6. h4 Ndf6 7. e4 Nh5 8.
Be3 a6 9. Bc4 h6 10. Be2 Bg4 11. O-O-O Ngf6 12. Nh2 Qc8 13. e5 Bxe2 14. Qxe2 dxe5 15. dxe5 Nd5 16. Nxd5 cxd5 17. g4 Bxe5 18. gxh5 Bxh2 19. Rxh2 Qc6 20. Qd2 O-O-O 21. Qb4 e5 22. Qg4+ Kb8 23. f3 d4 24. Rhd2 Qf6 25. Bf2 Rhg8 26. hxg6 fxg6 27. Bg3 Ka8 28. Qe4 Rde8 29. Re1 Qf7 30. Kb1 Rgf8 31. Rd3 Qf5 32. Bxe5 Qxe4 33. Rxe4 g5 34. hxg5 hxg5 35. Kc1 g4 36. fxg4 Rf1+ 37. Rd1 Rf2 38. Rdxd4 Rf1+ 39. Kd2 Rf2+ 40. Kc3 b5 41. Rd7 a5 42. Kb3 a4+ 43. Kb4 Rxc2 44. Kxb5 Rxb2+ 45. Ka6 1-0